[Event "Early-Titled-Tuesday-Blitz-January-30-2024"]
[Site "Chess.com"]
[Date "2024.01.30"]
[Round "2"]
[White "Actuary44"]
[Black "PawnEatingZombie"]
[Result "1-0"]
[WhiteElo "2486"]
[BlackElo "2146"]
[TimeControl "180+1"]
[EndTime "8:15:10 PST"]
[Termination "Actuary44 won by resignation"]

1. e4 e6 2. d4 d5 3. Nc3 Nf6 4. e5 Nfd7 5. f4 c5 6. dxc5 Nc6 7. Nf3 Bxc5 8. Bd3 Be7 9. Qe2 O-O 10. Bd2 f6 11.
O-O-O fxe5 12. fxe5 a6 13. h4 Qc7 14. Bxh7+ Kxh7 15. Ng5+ Bxg5 16. hxg5+ Kg8 17. Qh5 Rf5 18. g4 Rxe5 19.
Rdf1 Nf6 20. Qh8+ Kf7 21. gxf6 1-0

[Event "Early-Titled-Tuesday-Blitz-January-30-2024"]
[Site "Chess.com"]
[Date "2024.01.30"]
[Round "2"]
[White "Seochesspie"]
[Black "MasterKroket"]
[Result "1-0"]
[WhiteElo "2874"]
[BlackElo "2429"]
[TimeControl "180+1"]
[EndTime "8:15:15 PST"]
[Termination "Seochesspie won by resignation"]

1. c4 g6 2. d4 Bg7 3. Nc3 d6 4. e4 Nd7 5. h4 h6 6. Be3 e5 7.
d5 a5 8. h5 g5 9. g4 b6 10. f3 Nc5 11. Nge2 Ne7 12. b3 O-O 13. Ng3 f6 14. Be2 Rf7 15. Kf2 Bf8 16. Kg2 Bd7 17. Nf1 Qc8 18. Nd2 Qb7 19. Qc2 Na6 20. a3 Bg7 21.
Rab1 Ra7 22. b4 axb4 23. axb4 Rf8 24. c5 Qb8 25. cxd6 cxd6 26. Nb5 Rc8 27. Qb2 Bf8 28.
Nxa7 Qxa7 29. Ra1 1-0

[Event "Early-Titled-Tuesday-Blitz-January-30-2024"]
[Site "Chess.com"]
[Date "2024.01.30"]
[Round "2"]
[White "IwkooO"]
[Black "VincentKeymer"]
[Result "0-1"]
[WhiteElo "2642"]
[BlackElo "3072"]
[TimeControl "180+1"]
[EndTime "8:15:17 PST"]
[Termination "VincentKeymer won by resignation"]

1. e4 c6 2. Nc3 d5 3. Nf3 dxe4 4.
Nxe4 Nf6 5. Nxf6+ exf6 6. d4 Bd6 7. Bd3 O-O 8. O-O Re8 9. h3 Nd7 10. c3 Nf8 11. Re1 Be6 12. Qc2 Qd7 13. Bd2 Ng6 14. Re2 Bxh3 15. gxh3 Qxh3 16. Rxe8+ Rxe8 17. Bxg6 Qg4+ 18. Kf1 Qxf3 19. Bxh7+ Kh8 20. Kg1 Qg4+ 21. Kf1 Qh3+ 22.
Kg1 Qh2+ 0-1

[Event "Early-Titled-Tuesday-Blitz-January-30-2024"]
[Site "Chess.com"]
[Date "2024.01.30"]
[Round "2"]
[White "snowlord"]
[Black "Sjakkerntobi"]
[Result "1-0"]
[WhiteElo "2861"]
[BlackElo "2512"]
[TimeControl "180+1"]
[EndTime "8:15:22 PST"]
[Termination "snowlord won by resignation"]

1. d4 Nf6 2. Nc3 d5 3. Bg5 Nbd7 4. Qd3 h6 5. Bh4 c5 6. dxc5 e6 7. O-O-O Nxc5 8. Qd4 Ncd7 9. e4 dxe4 10. Nxe4 Be7 11.
Bxf6 Nxf6 12. Qa4+ Nd7 13. Bb5 Bg5+ 14. Kb1 O-O 15.
Bxd7 Bxd7 16. Qxd7 Qb6 17. Nf3 Bf4 18. Qd4 e5 19.
Qxb6 axb6 20. g3 Bg5 21. Nfxg5 h5 22. Nf3 1-0

[Event "Early-Titled-Tuesday-Blitz-January-30-2024"]
[Site "Chess.com"]
[Date "2024.01.30"]
[Round "2"]
[White "profedechess93"]
[Black "Njal28"]
[Result "0-1"]
[WhiteElo "2633"]
[BlackElo "3043"]
[TimeControl "180+1"]
[EndTime "8:15:23 PST"]
[Termination "Njal28 won by resignation"]

1. e4 e5 2. Nf3 Nc6 3. Bc4 Bc5 4. b4 Bb6 5. b5 Na5 6. Bd3 Nf6 7. Nc3 O-O 8. Nxe5 d5 9. O-O Re8 10. Nxd5 Nxd5 11.
exd5 Rxe5 12. c4 Qh4 0-1

[Event "Early-Titled-Tuesday-Blitz-January-30-2024"]
[Site "Chess.com"]
[Date "2024.01.30"]
[Round "2"]
[White "picturesquecheck"]
[Black "maximnovik"]
[Result "0-1"]
[WhiteElo "2357"]
[BlackElo "2587"]
[TimeControl "180+1"]
[EndTime "8:15:31 PST"]
[Termination "maximnovik won by resignation"]

1. e4 c6 2. d3 d5 3. Nd2 Nd7 4. g3 e5 5. Bg2 dxe4 6. dxe4 Ngf6 7. Ne2 Bc5 8. O-O O-O 9. Nb3 Bb6 10. c3 a5 11. a4 Qe7 12. Kh1 Rd8 13. Qc2 Nf8 14. c4 Ne6 15. Be3 Bxe3 16. fxe3 Nc5 17.
Nc3 Be6 18. Nd2 Ng4 19. Rae1 Qg5 20. Nf3 Qh6 21. b3 Nxe3 22. Qf2 Nxf1 23. Qxc5 Nxg3+ 24. Kg1 Nh5 25. Qxe5 Nf4 26. Ng5 Nd3 0-1

[Event "Early-Titled-Tuesday-Blitz-January-30-2024"]
[Site "Chess.com"]
[Date "2024.01.30"]
[Round "2"]
[White "NelsonLinda"]
[Black "mitrabhaa"]
[Result "0-1"]
[WhiteElo "2590"]
[BlackElo "2907"]
[TimeControl "180+1"]
[EndTime "8:15:36 PST"]
[Termination "mitrabhaa won by resignation"]

1. b3 d5 2. Bb2 Bg4 3. f3 Bh5 4. h4 f6 5. d4 Nd7 6. g4 Bf7 7. e3 e5 8. Nd2 Bd6 9. Bd3 Ne7 10. Qe2 c5 11. O-O-O O-O 12. Kb1 Qb6 13. c4 a5 14.
cxd5 Nxd5 15. Nc4 Qc7 16. g5 exd4 17. Nxd6 Qxd6 18. exd4 Nf4 19. Qd2 Nxd3 20. Qxd3 Bg6 0-1

[Event "Early-Titled-Tuesday-Blitz-January-30-2024"]
[Site "Chess.com"]
[Date "2024.01.30"]
[Round "2"]
[White "Pelopidass"]
[Black "AnkitGajwa"]
[Result "1-0"]
[WhiteElo "2555"]
[BlackElo "2341"]
[TimeControl "180+1"]
[EndTime "8:15:41 PST"]
[Termination "Pelopidass won by resignation"]

1. d4 Nf6 2. Nf3 g6 3. g3 Bg7 4. Bg2 O-O 5. O-O d6 6. b3 Nbd7 7. Bb2 c5 8. c4 b6 9. dxc5 bxc5 10. Ne5 Nxe5 11. Bxa8 1-0

[Event "Early-Titled-Tuesday-Blitz-January-30-2024"]
[Site "Chess.com"]
[Date "2024.01.30"]
[Round "2"]
[White "Yurasova_Daria"]
[Black "akanga001"]
[Result "1-0"]
[WhiteElo "2455"]
[BlackElo "1987"]
[TimeControl "180+1"]
[EndTime "8:15:42 PST"]
[Termination "Yurasova_Daria won by checkmate"]

1. d4 d5 2. Nf3 Nf6 3. Bf4 Bf5 4.
e3 e6 5. Nbd2 Bd6 6. Bg3 O-O 7.
Bd3 Ne4 8. O-O Nxg3 9. hxg3 Bxd3 10. cxd3 c5 11. dxc5 Bxc5 12. d4 Bd6 13. Qb3 b6 14. Rac1 Qd7 15. Rfd1 Rc8 16. Ne1 Qb7 17. Nd3 Nd7 18. Nf3 Rxc1 19. Rxc1 Rc8 20. Rc3 Rc7 21. Qc2 Qc8 22. Qa4 Qb7 23. Nfe5 Bxe5 24. Nxe5 b5 25. Rxc7 Qxc7 26. Qxb5 Nxe5 27. Qe8# 1-0

[Event "Early-Titled-Tuesday-Blitz-January-30-2024"]
[Site "Chess.com"]
[Date "2024.01.30"]
[Round "2"]
[White "mr65"]
[Black "LeoLV10"]
[Result "0-1"]
[WhiteElo "1887"]
[BlackElo "2443"]
[TimeControl "180+1"]
[EndTime "8:15:46 PST"]
[Termination "LeoLV10 won by resignation"]

1. e4 c6 2. d4 d5 3. e5 c5 4. dxc5 e6 5. Be3 Nd7 6. Nf3 Bxc5 7. Bxc5 Nxc5 8. Nbd2 Ne7 9. Nb3 Nd7 10. Bd3 Qc7 11. O-O Nxe5 12. Nxe5 Qxe5 13. f4 Qd6 14. f5 exf5 15.
Nd4 g6 16. Kh1 O-O 17. Qd2 Nc6 18. Nf3 Qf6 19. c3 Be6 20. Rad1 a6 21. Qh6 Qg7 22. Qh4 Ne5 23. Nxe5 Qxe5 24. Rde1 Qg7 25. Re3 Rad8 26. h3 d4 27. cxd4 Rxd4 28. Qg3 Rfd8 29. Bb1 f4 30. Rxf4 Rxf4 31. Qxf4 Rd1+ 0-1

[Event "Early-Titled-Tuesday-Blitz-January-30-2024"]
[Site "Chess.com"]
[Date "2024.01.30"]
[Round "2"]
[White "SergioMoralesG"]
[Black "xamax2000"]
[Result "1-0"]
[WhiteElo "2446"]
[BlackElo "2860"]
[TimeControl "180+1"]
[EndTime "8:15:49 PST"]
[Termination "SergioMoralesG won by resignation"]

1. d4 Nf6 2. c4 g6 3. Nc3 Bg7 4. e4 d6 5. Nf3 O-O 6. Be2 e5 7. Be3 exd4 8. Nxd4 Re8 9. f3 c6 10. Bf2 d5 11. exd5 cxd5 12. c5 Nc6 13. O-O Bd7 14.
Nxc6 Bxc6 15. Bd4 Nd7 16. Re1 a5 17. a3 a4 18. Bxg7 Kxg7 19. Nxd5 Re5 20. Bc4 Rxe1+ 21. Qxe1 Bxd5 22. Bxd5 Nxc5 23. Qc3+ f6 24. Qxc5 Ra5 25. Qc2 Qxd5 26. Rd1 Qe6 27. Qc7+ 1-0

[Event "Early-Titled-Tuesday-Blitz-January-30-2024"]
[Site "Chess.com"]
[Date "2024.01.30"]
[Round "2"]
[White "santosalberto1987"]
[Black "kidagent"]
[Result "0-1"]
[WhiteElo "2528"]
[BlackElo "2324"]
[TimeControl "180+1"]
[EndTime "8:15:50 PST"]
[Termination "kidagent won by resignation"]

1. e4 c6 2. c4 d5 3. exd5 cxd5 4. cxd5 Nf6 5. Qa4+ Nbd7 6. Nc3 a6 7. Nf3 Rb8 8. d4 b5 9. Qb3 Bb7 10. Bf4 Rc8 11. a4 Qa5 12. Bd3 Bxd5 13. Qd1 Rxc3 14. bxc3 Qxc3+ 15. Ke2 Bxf3+ 16. Kxf3 Qxd4 17. axb5 e5 18. Re1 Qxf4+ 19. Ke2 Bc5 20. f3 Qe3+ 0-1

[Event "Early-Titled-Tuesday-Blitz-January-30-2024"]
[Site "Chess.com"]
[Date "2024.01.30"]
[Round "2"]
[White "wild3000"]
[Black "NikolaGry"]
[Result "0-1"]
[WhiteElo "2400"]
[BlackElo "2730"]
[TimeControl "180+1"]
[EndTime "8:15:51 PST"]
[Termination "NikolaGry won by resignation"]

1. d4 d5 2. Nf3 Nc6 3. c4 Bg4 4. e3 e5 5. cxd5 Qxd5 6. Nc3 Bb4 7. Be2 exd4 8. Nxd4 Qxg2 9. Rf1 Bxe2 10. Kxe2 O-O-O 11. Qb3 Rxd4 12. exd4 Nxd4+ 13. Ke1 Nxb3 14. axb3 a6 15. Be3 Nf6 16. Ke2 Qg4+ 17. f3 Qh3 18. Rf2 Re8 19.
Kd2 Qd7+ 20. Kc2 Rxe3 0-1

[Event "Early-Titled-Tuesday-Blitz-January-30-2024"]
[Site "Chess.com"]
[Date "2024.01.30"]
[Round "2"]
[White "lachesisQ"]
[Black "ljm509"]
[Result "1-0"]
[WhiteElo "3138"]
[BlackElo "2019"]
[TimeControl "180+1"]
[EndTime "8:16:03 PST"]
[Termination "lachesisQ won by checkmate"]

1. e4 c5 2. d4 cxd4 3. c3 dxc3 4.
Nxc3 e6 5. Nf3 a6 6. Bc4 Nc6 7. O-O Nf6 8. Bf4 d6 9. Qe2 Qc7 10. Rac1 Qb8 11. Nd5 exd5 12. exd5+ Ne7 13. h3 Bd7 14.
Rfe1 h6 15. Bb3 Kd8 16. Ne5 Be8 17. Nc4 Nexd5 18. Bh2 b5 19. Na5 Bd7 20. Bxd5 Nxd5 21. Qf3 Nf6 22. Nb7+ Qxb7 23. Qxb7 Rc8 24. Qb6+ Rc7 25.
Qxc7# 1-0

[Event "Early-Titled-Tuesday-Blitz-January-30-2024"]
[Site "Chess.com"]
[Date "2024.01.30"]
[Round "2"]
[White "Me_ch_an"]
[Black "Korchmar_Vasiliy"]
[Result "0-1"]
[WhiteElo "2321"]
[BlackElo "2715"]
[TimeControl "180+1"]
[EndTime "8:16:10 PST"]
[Termination "Korchmar_Vasiliy won by resignation"]

1. e4 c5 2. Nc3 a6 3. g3 Nc6 4. Bg2 g6 5. d3 Bg7 6. Be3 d6 7.
Qd2 Bd7 8. Nge2 h5 9. h3 b5 10. O-O b4 11. Nd1 e6 12. f4 Nge7 13. d4 cxd4 14. Nxd4 O-O 15. Nxc6 Bxc6 16. Qxb4 d5 17. Bc5 Re8 18. f5 exf5 19. Bxe7 Rxe7 20. exf5 Re2 21. fxg6 fxg6 22. Qf4 Rxc2 23. Qf7+ Kh7 24. Rc1 Rxc1 0-1

[Event "Early-Titled-Tuesday-Blitz-January-30-2024"]
[Site "Chess.com"]
[Date "2024.01.30"]
[Round "2"]
[White "grunbergmihai"]
[Black "scarabee43"]
[Result "0-1"]
[WhiteElo "2558"]
[BlackElo "2819"]
[TimeControl "180+1"]
[EndTime "8:16:12 PST"]
[Termination "scarabee43 won by resignation"]

1. Nf3 d5 2. c4 e6 3. g3 Nf6 4. Bg2 Be7 5. O-O O-O 6. d4 Nbd7 7. Qc2 b6 8. Rd1 Bb7 9. b3 Ne4 10. Nc3 f5 11. Ne5 Qe8 12. Bf4 Nxe5 13. Bxe5 c6 14. cxd5 exd5 15. f3 Nf6 16. e4 fxe4 17. fxe4 dxe4 18.
Nxe4 Rd8 19. Ng5 Qh5 20. Ne6 Ng4 21. h3 Ne3 22. Qd3 Nxg2 23. Nxf8 Rxf8 24. Kxg2 c5+ 25.
Kg1 cxd4 26. Rf1 Qxe5 0-1

[Event "Early-Titled-Tuesday-Blitz-January-30-2024"]
[Site "Chess.com"]
[Date "2024.01.30"]
[Round "2"]
[White "sergoy"]
[Black "Maus7"]
[Result "1-0"]
[WhiteElo "2958"]
[BlackElo "2531"]
[TimeControl "180+1"]
[EndTime "8:16:13 PST"]
[Termination "sergoy won by resignation"]

1. d4 Nf6 2. c4 e6 3. Nf3 d5 4.
Nc3 Bb4 5. Qa4+ Nc6 6. a3 Bxc3+ 7. bxc3 Bd7 8. cxd5 exd5 9. Bg5 h6 10. Bh4 a6 11. e3 Ne5 12. Qb3 Nxf3+ 13. gxf3 b6 14.
Bd3 Be6 15. Qc2 c5 16. Rg1 O-O 17. e4 g5 18. f4 dxe4 19. fxg5 exd3 20. gxf6+ Kh8 21.
Qd2 Kh7 22. Rg7+ 1-0

[Event "Early-Titled-Tuesday-Blitz-January-30-2024"]
[Site "Chess.com"]
[Date "2024.01.30"]
[Round "2"]
[White "HelvertHernandez"]
[Black "Jojo_898"]
[Result "0-1"]
[WhiteElo "1868"]
[BlackElo "2438"]
[TimeControl "180+1"]
[EndTime "8:16:23 PST"]
[Termination "Jojo_898 won by resignation"]

1. e4 d6 2. d4 Nf6 3. Nc3 g6 4. f4 c6 5. Nf3 b5 6. Be3 b4 7. Ne2 Nxe4 8. Qd3 Bf5 9. Nh4 Nf2 10. Qxf5 gxf5 11. Kxf2 e6 12. Nf3 Nd7 13. Ng3 Nf6 14. Ng5 h6 15. Nf3 Ng4+ 16. Ke2 Nxe3 17. Kxe3 Bg7 18. Bd3 Qb6 19. Rhe1 c5 20. c3 h5 21.
h4 Bf6 22. Ng5 cxd4+ 23. Kf3 dxc3 0-1

[Event "Early-Titled-Tuesday-Blitz-January-30-2024"]
[Site "Chess.com"]
[Date "2024.01.30"]
[Round "2"]
[White "MikaelyanArman"]
[Black "Gentlejimmy7"]
[Result "1-0"]
[WhiteElo "2833"]
[BlackElo "2563"]
[TimeControl "180+1"]
[EndTime "8:16:27 PST"]
[Termination "MikaelyanArman won by resignation"]

1. d4 f5 2. g3 Nf6 3. Bg2 g6 4. h4 Bg7 5. Nh3 d6 6. Nc3 O-O 7. d5 c6 8. Nf4 e5 9. dxe6 Qe7 10. h5 g5 11. h6 Bh8 12. Nh5 Ng4 13. Qd2 Bxe6 14. Qxg5+ Qxg5 15. Bxg5 Bxc3+ 16. bxc3 Nd7 17. Be7 Rf7 18. Bxd6 Nxh6 19. Nf4 Rf6 20. Be7 Rf7 21.
Rxh6 Rxe7 22. Rxe6 Rxe6 23. Nxe6 Re8 24. Rd1 1-0

[Event "Early-Titled-Tuesday-Blitz-January-30-2024"]
[Site "Chess.com"]
[Date "2024.01.30"]
[Round "2"]
[White "Mihajlovskij"]
[Black "aistrel"]
[Result "0-1"]
[WhiteElo "2208"]
[BlackElo "2505"]
[TimeControl "180+1"]
[EndTime "8:16:28 PST"]
[Termination "aistrel won by resignation"]

1. e4 Nf6 2. e5 Nd5 3. d4 d6 4.
c4 Nb6 5. f4 g6 6. Nc3 Bg7 7. Be3 O-O 8. Nf3 Bg4 9. h3 Bxf3 10.
Qxf3 Nc6 11. O-O-O e6 12. h4 d5 13. h5 Nxc4 14. Bxc4 dxc4 15. hxg6 hxg6 16. Qh3 f5 17. exf6 Rxf6 18. Ne4 Nb4 19. Ng5 Qd5 20. Kb1 Qf5+ 21. Qxf5 exf5 22. d5 Nd3 23. b3 b5 24. Rd2 Rd8 25. Bd4 Nxf4 26. Bxf6 Bxf6 27. Nf3 Nxd5 28. Kc2 Nb4+ 29. Kd1 Nd3 30. bxc4 Nf2+ 31. Ke2 Rxd2+ 32. Nxd2 Nxh1 0-1

[Event "Early-Titled-Tuesday-Blitz-January-30-2024"]
[Site "Chess.com"]
[Date "2024.01.30"]
[Round "2"]
[White "invisible_s0ul"]
[Black "RantomOpening"]
[Result "0-1"]
[WhiteElo "2245"]
[BlackElo "2518"]
[TimeControl "180+1"]
[EndTime "8:16:31 PST"]
[Termination "RantomOpening won by resignation"]

1. e4 c5 2. Nf3 e6 3. c3 Nf6 4. e5 Nd5 5. d4 cxd4 6. cxd4 d6 7.
Bc4 dxe5 8. dxe5 Be7 9. O-O O-O 10. Bb3 b6 11. Re1 Bb7 12. Bd2 Na6 13. Qe2 Nc5 14. Bc2 Rc8 15. Nc3 Ba6 16. Qd1 Nb4 17. Bb1 Nbd3 18. Qc2 g6 19. Rd1 Nb4 20. Qc1 Ncd3 21.
Bxd3 Nxd3 22. Qb1 Qc7 23. Be3 Rfd8 24. Ne4 Nxe5 25. Nxe5 Qxe5 26. h3 Rxd1+ 27. Qxd1 Qxe4 0-1

[Event "Early-Titled-Tuesday-Blitz-January-30-2024"]
[Site "Chess.com"]
[Date "2024.01.30"]
[Round "2"]
[White "Balla_Tamas"]
[Black "ValentinDragnev"]
[Result "0-1"]
[WhiteElo "2433"]
[BlackElo "2775"]
[TimeControl "180+1"]
[EndTime "8:16:33 PST"]
[Termination "ValentinDragnev won by resignation"]

1. e4 c5 2. c3 d5 3. exd5 Qxd5 4. d4 Nf6 5. Nf3 a6 6. Be3 cxd4 7. cxd4 e6 8. Nc3 Bb4 9. Bd3 O-O 10. O-O Bxc3 11. bxc3 b5 12. Qe2 Bb7 13. Bg5 Nbd7 14. Rfe1 Rac8 15. Rac1 h6 16. Bh4 Nh5 17. Qd2 Rfe8 18. Be4 Qxe4 19. Rxe4 Bxe4 20. Ne5 Nhf6 21. Nxd7 Nxd7 22.
a4 bxa4 23. c4 e5 24. d5 Nc5 25. h3 Nb3 26. Qe3 Bxd5 27. cxd5 Rxc1+ 28. Kh2 Rd1 29. Qe4 Rd4 30. Qe2 Rxh4 31. Qxa6 Rd4 32. d6 Rd8 33. d7 R8xd7 34. Qc8+ Rd8 0-1

[Event "Early-Titled-Tuesday-Blitz-January-30-2024"]
[Site "Chess.com"]
[Date "2024.01.30"]
[Round "2"]
[White "Schattman"]
[Black "MoreChessJulia"]
[Result "1/2-1/2"]
[WhiteElo "2456"]
[BlackElo "2094"]
[TimeControl "180+1"]
[EndTime "8:16:36 PST"]
[Termination "Game drawn by agreement"]

1. f4 d5 2. Nf3 Nf6 3. g3 Bg4 4.
Bg2 Nc6 5. Ne5 Nxe5 6. fxe5 Ng8 7. d4 Bf5 8. c4 dxc4 9. Qa4+ c6 10. Qxc4 e6 11. Nc3 Ne7 12. O-O Nd5 13. e4 Nxc3 14.
bxc3 Bg6 15. d5 cxd5 16. exd5 Rc8 17. Qb5+ Qd7 18. Qxd7+ Kxd7 19. dxe6+ fxe6 20. Bxb7 Rxc3 21. Rd1+ Kc7 22. Bg2 Bc5+ 23. Kh1 Rd8 24. Bg5 Rxd1+ 25. Rxd1 Rd3 26. Rb1 Bb6 27. Rc1+ Kb8 28. a4 Ra3 29. Bc6 Kc7 30. Bb5+ Kb8 1/2-1/2

[Event "Early-Titled-Tuesday-Blitz-January-30-2024"]
[Site "Chess.com"]
[Date "2024.01.30"]
[Round "2"]
[White "MagnusCarlsen"]
[Black "Mikhail_Golubev"]
[Result "1-0"]
[WhiteElo "3295"]
[BlackElo "2680"]
[TimeControl "180+1"]
[EndTime "8:16:39 PST"]
[Termination "MagnusCarlsen won by resignation"]

1. c3 g6 2. e4 Bg7 3. d4 d6 4. Nf3 Nf6 5. Bd3 O-O 6. O-O Nc6 7. d5 Nb8 8. h3 c6 9. c4 Na6 10. Nc3 Bd7 11. Re1 Nc7 12. Bf4 cxd5 13. exd5 a6 14. Rc1 b5 15. b3 bxc4 16. bxc4 a5 17. Qd2 Na6 18. Re2 Nc5 19. Bc2 Re8 20. Rce1 Rb8 21. Nd4 Rb4 22. Nc6 Bxc6 23. dxc6 Rxc4 24. Nb5 Ne6 25.
Rxe6 fxe6 26. Bb3 Rxc6 27. Nd4 Rb6 28. Nxe6 Qb8 29. Nxg7+ Rxb3 30. Nxe8 1-0

[Event "Early-Titled-Tuesday-Blitz-January-30-2024"]
[Site "Chess.com"]
[Date "2024.01.30"]
[Round "2"]
[White "NovakRatko"]
[Black "MKlose11"]
[Result "0-1"]
[WhiteElo "2377"]
[BlackElo "2640"]
[TimeControl "180+1"]
[EndTime "8:16:39 PST"]
[Termination "MKlose11 won by checkmate"]

1. d4 Nf6 2. c4 c5 3. dxc5 g6 4. Nc3 Bg7 5. f3 a5 6. e4 O-O 7.
Be3 Na6 8. a3 b6 9. cxb6 d6 10.
Rb1 Nd7 11. Na4 Nac5 12. Nxc5 dxc5 13. Qd2 Qxb6 14. b4 axb4 15. axb4 Rd8 16. Qc2 Ra3 17. Bf2 Bc3+ 18. Ke2 Bxb4 19. f4 Qa5 20. Nf3 Ba6 21.
Be3 Nf6 22. h3 Ra2 23. Rb2 Rxb2 24. Qxb2 Nxe4 25. Rg1 Bxc4# 0-1

[Event "Early-Titled-Tuesday-Blitz-January-30-2024"]
[Site "Chess.com"]
[Date "2024.01.30"]
[Round "2"]
[White "mbchess97"]
[Black "Lennis93"]
[Result "0-1"]
[WhiteElo "2360"]
[BlackElo "2735"]
[TimeControl "180+1"]
[EndTime "8:16:40 PST"]
[Termination "Lennis93 won by resignation"]

1. c4 e5 2. g3 Nf6 3. Bg2 c6 4. Nf3 e4 5. Nd4 d5 6. cxd5 Qxd5 7. e3 Qe5 8. f4 Qe7 9. Nc3 Na6 10. d3 Bg4 11. Qa4 Nc5 12. Nxc6 Nxa4 13. Nxe7 Nxc3 14. bxc3 Bxe7 15. dxe4 O-O-O 16. O-O Be2 17. Re1 Bd3 18. e5 Ne4 19. Bb2 Bc5 20. a4 f6 21. e6 f5 22. a5 Rhe8 23. Bh3 g6 24. a6 Bxa6 0-1

[Event "Early-Titled-Tuesday-Blitz-January-30-2024"]
[Site "Chess.com"]
[Date "2024.01.30"]
[Round "2"]
[White "Pastore1978"]
[Black "SharapovEvgeny"]
[Result "0-1"]
[WhiteElo "2284"]
[BlackElo "2536"]
[TimeControl "180+1"]
[EndTime "8:16:48 PST"]
[Termination "SharapovEvgeny won on time"]

1. e4 c5 2. Nc3 Nc6 3. Bb5 Nd4 4. Nf3 a6 5. Bd3 Nc6 6. O-O e5 7. a4 Be7 8. Bc4 Nf6 9. d3 O-O 10. Bg5 Ne8 11. Bxe7 Qxe7 12. Nd5 Qd8 13. c3 Nf6 14. Re1 d6 15. Qd2 Be6 16. d4 cxd4 17. cxd4 Bxd5 18. Bxd5 Nxd5 19. exd5 Nxd4 20. Nxd4 exd4 21.
Qxd4 Qd7 22. g3 Rfe8 23. b3 h6 24. Kg2 Rac8 25. Rac1 Qf5 26. Rxc8 Rxc8 27. Re7 b5 28. axb5 axb5 29. Rb7 Rc5 30. Rb8+ Kh7 31. Qh4 Qxd5+ 32. Kh3 Qf3 0-1

[Event "Early-Titled-Tuesday-Blitz-January-30-2024"]
[Site "Chess.com"]
[Date "2024.01.30"]
[Round "2"]
[White "KanalSzachowy"]
[Black "Lady_Nika"]
[Result "0-1"]
[WhiteElo "2340"]
[BlackElo "2554"]
[TimeControl "180+1"]
[EndTime "8:16:51 PST"]
[Termination "Lady_Nika won by resignation"]

1. e4 e6 2. d4 d5 3. Nc3 Nf6 4. e5 Nfd7 5. f4 c5 6. Nf3 Nc6 7. Be3 a6 8. a3 cxd4 9. Nxd4 Bc5 10. Qd2 Nxd4 11. Bxd4 b5 12. Be2 Qb6 13. Bxc5 Nxc5 14. f5 Nd7 15. fxe6 fxe6 16. Qg5 O-O 17. O-O-O Bb7 18.
Bg4 Nc5 19. Rhf1 b4 20. axb4 Qxb4 21. h4 Bc6 22. Rxf8+ Rxf8 23. h5 Rb8 24. h6 Qxb2+ 25. Kd2 Qxc3+ 26. Ke2 Qxc2+ 27. Rd2 Bb5+ 28. Ke1 Qc1+ 29.
Rd1 Qxg5 0-1

[Event "Early-Titled-Tuesday-Blitz-January-30-2024"]
[Site "Chess.com"]
[Date "2024.01.30"]
[Round "2"]
[White "topce"]
[Black "GatoRojo150"]
[Result "1-0"]
[WhiteElo "2379"]
[BlackElo "2578"]
[TimeControl "180+1"]
[EndTime "8:16:54 PST"]
[Termination "topce won by resignation"]

1. e4 e5 2. Nf3 Nc6 3. Nc3 Nf6 4. Bb5 Nd4 5. O-O c6 6. Bc4 d6 7. Nxd4 exd4 8. Ne2 Nxe4 9. Nxd4 d5 10. Bb3 Bc5 11. d3 Nf6 12. Be3 Be7 13. c4 O-O 14. h3 c5 15. Nf3 d4 16. Bf4 Nh5 17. Bh2 Bd6 18. Ba4 Bxh2+ 19. Kxh2 Qd6+ 20. g3 Qh6 21. Qd2 Qg6 22. Rae1 h6 23. Re5 b6 24. Nh4 Nxg3 25.
fxg3 Qd6 26. Qe2 Bb7 27. Nf5 Qf6 28. Ne7+ 1-0

[Event "Early-Titled-Tuesday-Blitz-January-30-2024"]
[Site "Chess.com"]
[Date "2024.01.30"]
[Round "2"]
[White "GianmarcoVaR"]
[Black "Veleamater"]
[Result "1-0"]
[WhiteElo "2715"]
[BlackElo "2324"]
[TimeControl "180+1"]
[EndTime "8:16:55 PST"]
[Termination "GianmarcoVaR won by resignation"]

1. d4 d6 2. Nf3 g6 3. e4 Bg7 4. c3 Nf6 5. Bd3 O-O 6. O-O Nc6 7. h3 e5 8. Re1 Nd7 9. Bc2 h6 10. Be3 Kh7 11. Nbd2 Nb6 12. a4 f5 13. exf5 gxf5 14.
a5 Nd7 15. dxe5 dxe5 16. Nc4 e4 17. Nd4 Nde5 18. Nxc6 Nxc6 19. Qxd8 Rxd8 20. Bf4 Be6 21. Ne3 Rd7 22. Red1 Rf7 23. a6 b6 24. g4 Be5 25.
Bxe5 Nxe5 26. gxf5 Rg8+ 27. Kf1 Bc4+ 28. Nxc4 Nxc4 29.
Bxe4 Rgf8 30. Bd5 Nxb2 31. Bxf7 Nxd1 32. Bg6+ Kg7 33. Rxd1 1-0

[Event "Early-Titled-Tuesday-Blitz-January-30-2024"]
[Site "Chess.com"]
[Date "2024.01.30"]
[Round "2"]
[White "Firouzja2003"]
[Black "Mackster23"]
[Result "1-0"]
[WhiteElo "3150"]
[BlackElo "2669"]
[TimeControl "180+1"]
[EndTime "8:17:01 PST"]
[Termination "Firouzja2003 won by resignation"]

1. d4 Nf6 2. Bg5 d5 3. e3 c5 4. Bxf6 gxf6 5. dxc5 e5 6. Nc3 Be6 7. Qh5 Bxc5 8. O-O-O Nc6 9. Bc4 Qa5 10. Bxd5 O-O-O 11. Bxe6+ fxe6 12. Nge2 Rdg8 13. Qf7 Rxg2 14. Qxf6 Rf8 15.
Qxe6+ Kb8 16. Ne4 Rc8 17. N2c3 Rg6 18. Qd5 Nb4 19. Qxe5+ Ka8 20. Kb1 Ra6 21. Qf5 Rac6 22. a3 Na6 23. Rd5 Qb6 24. Na4 Qb5 25. Naxc5 Nxc5 26. Nxc5 Rxc5 27. Qxc8+ 1-0

[Event "Early-Titled-Tuesday-Blitz-January-30-2024"]
[Site "Chess.com"]
[Date "2024.01.30"]
[Round "2"]
[White "TimGrutter03"]
[Black "AlmasRakhmatullaev"]
[Result "0-1"]
[WhiteElo "2607"]
[BlackElo "2955"]
[TimeControl "180+1"]
[EndTime "8:17:01 PST"]
[Termination "AlmasRakhmatullaev won by resignation"]

1. e4 e5 2. Nf3 Nf6 3. d4 Nxe4 4. dxe5 d5 5. exd6 Bxd6 6. Bd3 Nc5 7.
Qe2+ Qe7 8. Qxe7+ Bxe7 9. Be2 Bf5 10. Nd4 Bg6 11. Be3 Nbd7 12. Nc3 O-O-O 13. O-O-O Rhe8 14. Bf3 Ne5 15. Be2 Bf6 16. Ndb5 Na6 17. Nxa7+ Kb8 18. Bxa6 bxa6 19. f4 Rxd1+ 20. Rxd1 Nc4 21. Bd4 Kb7 22. Bf2 Bxc3 23. bxc3 Re2 24. Rf1 Rxc2+ 25. Kd1 Nb2+ 26. Ke1 Nd3+ 0-1

[Event "Early-Titled-Tuesday-Blitz-January-30-2024"]
[Site "Chess.com"]
[Date "2024.01.30"]
[Round "2"]
[White "Djager97"]
[Black "claudyna16"]
[Result "1-0"]
[WhiteElo "2569"]
[BlackElo "2345"]
[TimeControl "180+1"]
[EndTime "8:17:01 PST"]
[Termination "Djager97 won by checkmate"]

1. e4 e5 2. Nf3 Nc6 3. d4 exd4 4. Nxd4 Nf6 5. Nc3 Bb4 6. Nxc6 bxc6 7. Bd3 O-O 8. O-O d5 9. exd5 cxd5 10. Bg5 c6 11.
Qf3 Be7 12. Rfe1 Be6 13. Ne2 h6 14. Bh4 Bg4 15. Qe3 Re8 16. Nd4 Qd7 17. h3 Bb4 18. Qf4 Rxe1+ 19. Rxe1 Bxe1 20. Bxf6 Bh5 21. Nf5 Bg6 22.
Nxg7 Bxd3 23. cxd3 Kh7 24. Nf5 Kg6 25. Qxh6+ Kxf5 26. Qg5+ Ke6 27. Qe5# 1-0